 Dungeon Crawl Stone Soup version 0.29.1-1-gd02db6906a (webtiles) character file.

Game seed: 13471286316161303972

30 mortz the Digger (level 3, 0/19 HPs)
             Began as a Kobold Earth Elementalist on Oct 8, 2022.
             Slain by Terence
             ... wielding a +0 flail
              (7 damage)
             ... on level 2 of the Dungeon.
             The game lasted 00:04:55 (1484 turns).

mortz the Digger (Kobold Earth Elementalist)        Turns: 1484, Time: 00:04:56

Health: 0/19       AC:  2    Str:  5    XL:     3   Next: 37%
Magic:  2/6        EV: 15    Int: 18    God:
Gold:   62         SH:  0    Dex: 15    Spells: 6/7 levels left

rFire   . . .      SeeInvis .   c - +0 dagger
rCold   . . .      Faith    .   (no shield)
rNeg    . . .      Spirit   .   a - +0 robe
rPois   .          Reflect  .   (no helmet)
rElec   .          Harm     .   (no cloak)
rCorr   .          Rampage  .   (no gloves)
Will    .....                   (no boots)
Stlth   +++.......              (no amulet)
HPRegen 0.06/turn               (no ring)
MPRegen 0.10/turn               (no ring)

@: very slightly contaminated
A: small, no large weapons, nightstalker 3
a: no special abilities


You were on level 2 of the Dungeon.
You visited 1 branch of the dungeon, and saw 2 of its levels.

You collected 62 gold pieces.

Inventory:

Hand Weapons
 c - a +0 dagger (weapon)
 e - a +0 short sword
Missiles
 d - 4 curare-tipped darts
Armour
 a - a +0 robe (worn)
 j - a +0 kite shield
 k - a +0 leather armour
Scrolls
 i - a scroll of teleportation
Potions
 b - a potion of magic
 f - a potion of might {unknown}
 g - a potion of curing {unknown}


   Skills:
 + Level 2.8 Dodging
 + Level 3.4 Stealth
 + Level 2.5 Spellcasting
 + Level 1.2 Transmutations
 + Level 3.4 Earth Magic


You had 6 spell levels left.
You knew the following spells:

 Your Spells              Type           Power      Damage    Failure   Level
a - Sandblast             Erth           28%        2d8       4%          1

Your spell library contained the following spells:

 Spells                   Type           Power      Damage    Failure   Level
 Passwall                 Tmut/Erth      8%         N/A       10%         2
 Stone Arrow              Conj/Erth      16%        3d8       26%         3
 Petrify                  Tmut/Erth      10%        N/A       54%         4


Dungeon Overview and Level Annotations

Branches:
Dungeon (2/15) Zot: 10505

Altars:

Annotations:
D:2 Terence


Innate Abilities, Weirdness & Mutations

You are small and have problems with some larger weapons.
You are completely attuned to the shadows.


Message History

There is an open door here.
There is a stone staircase leading down here.
You climb downwards.
Found a fizzy yellow potion.
There is a stone staircase leading up here.
f - a fizzy yellow potion
There is a stone staircase leading up here.
You climb upwards.
There is a stone staircase leading down here.
You open the door.
There is an open door here.
There is an open door here.
There is a stone staircase leading down here.
You climb downwards.
There is a stone staircase leading up here.
The helpless Terence fails to defend himself.
You puncture Terence!
Terence is heavily wounded.
Terence hits you with a +0 flail.
You miscast Sandblast.
You are very lightly contaminated with residual magic.
Nothing appears to happen.
Terence misses you.
The blast of sand hits Terence but does no damage.
Terence is heavily wounded.
Terence zaps a wand.
The puff of flame hits you! Terence barely misses you.
You are too injured to fight recklessly!
You are too injured to fight recklessly!
Aiming: Sandblast (safe; 4% risk of failure)
Press: ? - help, Q - select action, (/) - cycle Shift-Dir - straight line, f/p - Terence
Aim: Terence, wielding a +0 flail, wearing a +0 scale mail and carrying a wand of flame (6) (heavily wounded, 84% to hit)
The blast of sand hits Terence.
Terence is severely wounded.
Terence barely misses you.
Aiming: Sandblast (safe; 4% risk of failure)
Press: ? - help, Q - select action, (/) - cycle Shift-Dir - straight line, f/p - Terence
Aim: Terence, wielding a +0 flail, wearing a +0 scale mail and carrying a wand of flame (6) (severely wounded, 84% to hit)
The blast of sand hits Terence.
Terence is severely wounded.
Terence hits you with a +0 flail!
You die...

#.# .#
#.# .# #
#.# .#
#.#.##.#
#..<.@@#
###.####
#.# ..#
####


You could see Terence.

Vanquished Creatures
  2 dart slugs (D:1)
  2 ball pythons (D:1)
  2 endoplasms (D:1)
  4 goblins (D:1)
  A hobgoblin (D:1)
  4 quokkas (D:1)
  2 bats (D:1)
  4 kobolds (D:1)
  A rat (D:1)
22 creatures vanquished.

Notes
Turn   | Place    | Note
-------+----------+-------------------------------------------
     0 | D:1      | mortz the Kobold Earth Elementalist began the quest for the
                  | Orb.
     0 | D:1      | Reached XP level 1. HP: 10/10 MP: 3/3
   239 | D:1      | Found a faded altar of an unknown god.
   291 | D:1      | Reached XP level 2. HP: 15/15 MP: 5/5
   839 | D:1      | Reached XP level 3. HP: 11/19 MP: 2/6
  1477 | D:2      | Noticed Terence
  1484 | D:2      | Slain by Terence

Illustrated notes

Levels and vault maps discovered:
D:1:      dpeg_chamrin_arrival_tetris, layout_basic,
          shapermc_ecumenical_altar_flowoftime
D:2:      layout_loops_corners, uniq_terence

Skill      XL: |  1  2 |
---------------+-------+-----
Stealth        | 3 |  3.4
Dodging        | |  2.8
Spellcasting   | |  2.5
Transmutations | |  1.2
Earth Magic    | |  3.4

Action                   || total
-------------------------++-------
Melee: Dagger            ||    14
       Short sword       ||     1
 Cast: Sandblast         ||    22
  Use: Scroll            ||     3
 Stab: Sleeping          ||    14
Armor: Robe              ||     1
Dodge: Dodged            ||    15
